 Dungeon Crawl Stone Soup version 0.24.1-14-gf8d2b509d9 (webtiles) character file.

Game seed: 1937894999097936541, levelgen mode: deterministic

1013 KlarStein the Slasher (level 8, -9/62 HPs)
             Began as a Demonspawn Fighter on July 10, 2020.
             Was an Initiate of Ashenzari.
             Killed from afar by miami27's ghost (13 damage)
             ... with a lance of force
             ... on level 4 of the Dungeon.
             The game lasted 00:23:34 (5280 turns).

KlarStein the Slasher (Demonspawn Fighter)          Turns: 5280, Time: 00:23:34

Health: -9/62      AC:  9    Str: 19    XL:     8   Next: 1%
Magic:  0/8        EV:  7    Int: 10    God:    Ashenzari [......]
Gold:   228        SH: 10    Dex: 12    Spells: 7/7 levels left

rFire    . . .     SeeInvis .   a - +1 long sword
rCold    . . .     Gourm    +   c - +1 shield (curse)
rNeg     . . .     Faith    .   b - +0 scale mail
rPois    .         Spirit   +   (helmet restricted)
rElec    .         Reflect  .   (no cloak)
rCorr    .         Harm     .   (no gloves)
MR       .....                  (no boots)
Stlth    ..........             u - amulet of the gourmand (curse)
HPRegen  0.20/turn              (no ring)
MPRegen  0.22/turn              (no ring)

@: about to teleport
A: horns 2, yellow scales 1, magic shield, magic regeneration
a: Curse Item, Renounce Religion


You were on level 4 of the Dungeon.
You worshipped Ashenzari.
Ashenzari was noncommittal.
You were very full.

You visited 2 branches of the dungeon, and saw 6 of its levels.

You collected 228 gold pieces.

Inventory:

Hand Weapons
 a - a +1 long sword (weapon)
 i - a +5 flail of protection
Armour
 b - a +0 scale mail (worn)
 c - a cursed +1 shield (worn)
Jewellery
 h - an uncursed amulet of the acrobat
 l - an uncursed amulet of rage
 u - a cursed amulet of the gourmand (around neck)
Wands
 v - a wand of flame (10)
Scrolls
 g - a scroll of amnesia
 j - 6 scrolls of teleportation
Potions
 d - a potion of resistance {unknown}
 e - a potion of ambrosia {unknown}
 k - 2 potions of magic
 n - a potion of agility
 p - 3 potions of curing
 q - 3 potions of haste {unknown}
 s - a potion of berserk rage {unknown}
 t - 3 potions of heal wounds {unknown}
Comestibles
 f - 8 rations


   Skills:
 + Level 5.1 Fighting
 * Level 5.6 Long Blades
 + Level 4.6 Armour
 + Level 4.5 Shields


You had 7 spell levels left.
You didn't know any spells.
Your spell library was empty.

Dungeon Overview and Level Annotations

Branches:
Dungeon (5/15)             Temple (1/1) D:5

Altars:
Ashenzari
Cheibriados
Dithmenos
Elyvilon
Hepliaklqana
Kikubaaqudgha
Makhleb
Nemelex Xobeh
Okawaru
Qazlal
Sif Muna
Uskayaw
Vehumet
Xom
Zin

Annotations:
D:4 miami27's ghost, amateur DECj


Innate Abilities, Weirdness & Mutations

You have a pair of horns on your head.
You are partially covered in yellow scales. (AC +2)
When hurt, damage is shared between your health and your magic reserves.
You regenerate magic rapidly.


Message History

You are knocked back by the lance of force.
Miami27's ghost gestures at you while chanting.
The lance of force hits you!
* * * LOW HITPOINT WARNING * * *
You are knocked back by the lance of force.
You slam into the rock wall!
* * * LOW HITPOINT WARNING * * *
Miami27's ghost points at you and mumbles some strange words.
The magic dart hits you.
* * * LOW HITPOINT WARNING * * *
You barely miss miami27's ghost.
Miami27's ghost is heavily damaged.
You block miami27's ghost's attack.
You feel better. You block miami27's ghost's attack.
As you read the scroll of teleportation, it crumbles to dust.
You feel strangely unstable. Miami27's ghost hits you.
* * * LOW HITPOINT WARNING * * *
Miami27's ghost gestures at you while chanting.
The lance of force hits you!
You die...

################# ######
................# #....#
................# #....#
................####....#########
................@.......'........
..............W.####....#########
................## #....# #..
..[......[.......# ###### ##(#
.................# #.((
.................# #...
.................# #...
......##'##......# #...
......#.%.#......# ##..


You could see miami27's ghost.

Vanquished Creatures
  Edmund (D:4)
  An ogre (D:4)
  2 centaurs
  Blork the orc (D:5)
  A wyvern zombie (D:5)
  2 wights (D:5)
  A centaur skeleton (D:4)
  A hound (D:3)
  3 orc wizards
  5 worker ants
  3 gnolls (D:4)
  5 adders
  A shadow imp (D:5)
  An ooze (D:2)
  2 adder skeletons
  2 dart slugs (D:2)
  2 leopard geckos
  17 orcs
  A ball python (D:2)
  9 bats
  4 giant cockroaches
  3 goblins
  10 hobgoblins
  A jackal (D:4)
  7 kobolds (D:1)
  2 quokkas
  6 frilled lizards
94 creatures vanquished.

Vanquished Creatures (others)
  An ogre (D:4)
  An iguana (D:4)
  2 worker ants (D:4)
  An adder (D:5)
  A giant cockroach (D:4)
  2 withered plants (D:4)
8 creatures vanquished.

Grand Total: 102 creatures vanquished

Notes
Turn   | Place    | Note
-------+----------+-------------------------------------------
     0 | D:1      | KlarStein the Demonspawn Fighter began the quest for the
                  | Orb.
     0 | D:1      | Reached XP level 1. HP: 18/18 MP: 1/1
   334 | D:1      | Gained mutation: You have a pair of small horns on your
                  | head. [demonic ancestry]
   334 | D:1      | Reached XP level 2. HP: 23/24 MP: 2/2
  1214 | D:2      | Gained mutation: When hurt, damage is shared between your
                  | health and your magic reserves. [demonic ancestry]
  1214 | D:2      | Reached XP level 3. HP: 20/29 MP: 3/3
  1487 | D:3      | Gained mutation: You regenerate magic rapidly. [demonic
                  | ancestry]
  1487 | D:3      | Reached XP level 4. HP: 15/35 MP: 0/4
  1843 | D:3      | Found an ancient bone altar of Kikubaaqudgha.
  1910 | D:3      | Found a shimmering blue altar of Sif Muna.
  2503 | D:4      | Noticed a +0 hand axe
  2503 | D:4      | Noticed a +0 dagger
  2504 | D:4      | Found a hide-covered altar of Uskayaw.
  2531 | D:4      | Gained mutation: You are partially covered in yellow
                  | scales. (AC +2) [demonic ancestry]
  2531 | D:4      | Reached XP level 5. HP: 28/42 MP: 3/5
  2616 | D:4      | Found a shimmering altar of Xom.
  2642 | D:4      | Noticed an ogre
  2642 | D:4      | Noticed an ogre
  2659 | D:5      | Entered Level 5 of the Dungeon
  2690 | D:5      | Noticed Blork the orc
  2695 | D:5      | Noticed a centaur
  2698 | D:5      | Killed Blork the orc
  2698 | D:5      | Reached XP level 6. HP: 33/48 MP: 3/6
  2994 | D:5      | Found a staircase to the Ecumenical Temple.
  2999 | Temple   | Entered the Ecumenical Temple
  3017 | Temple   | Became a worshipper of Ashenzari the Shackled
  3245 | D:5      | Found a glowing silver altar of Zin.
  3396 | D:5      | Gained mutation: You have a pair of horns on your head.
                  | [demonic ancestry]
  3396 | D:5      | Reached XP level 7. HP: 25/55 MP: 2/7
  3912 | D:4      | Found a stormy altar of Qazlal.
  3992 | D:4      | Noticed Edmund
  4014 | D:4      | Killed Edmund
  4069 | D:4      | Reached skill level 5 in Long Blades
  4425 | D:4      | Found a runed translucent door.
  4426 | D:4      | Noticed miami27's ghost (amateur DECj)
  4528 | D:4      | Reached skill level 5 in Fighting
  5086 | D:4      | Reached XP level 8. HP: 62/62 MP: 8/8
  5274 | D:4      | HP: 1/62 [miami27's ghost/magic dart (5)]
  5280 | D:4      | Killed from afar by miami27's ghost

Levels and vault maps discovered:
D:1:      dpeg_arrival_lava_temple_mockup, layout_loops_corners,
          kennysheep_boxes
D:2:      layout_rooms
D:3:      layout_loops_ring, lemuel_crystal_altar,
          nicolae_overflow_hidden_temple
D:4:      layout_basic, dancing_weapons_uskayaw, grunt_qazlal_sundering,
          xom_confusion_cloud, gammafunk_ghost_grave, first_ration,
          portal_sewer_entry_d, uniq_edmund
D:5:      layout_loops_cross, nicolae_overflow_crystal_walls, temple_doors_e,
          sword_in_stone
Temple:   compressed_dpeg_triangle_lava_temple

Skill      XL: |  1  2  3  4  5  6  7 |
---------------+----------------------+-----
Long Blades    | 2 3 4 5 |  5.6
Armour         | 3 4 |  4.6
Shields        | 3 4 |  4.5
Fighting       | 4 5 |  5.1

Action                   |  1- 3 |  4- 6 |  7- 9 || total
-------------------------+-------+-------+-------++-------
Melee: Long sword        |    86 |   145 |   127 ||   358
       Headbutt          |    15 |    30 |    29 ||    74
Invok: Curse Item        |       |     2 |       ||     2
Evoke: Wand              |       |       |     2 ||     2
  Use: Scroll            |       |     8 |     5 ||    13
       Potion            |       |     1 |     2 ||     3
  Eat: Chunk             |     2 |     8 |    12 ||    22
Armor: Scale mail        |    38 |    62 |    50 ||   150
Dodge: Dodged            |    21 |    36 |    36 ||    93
Block: Shield            |    36 |    74 |    75 ||   185
       Rpst.: Long sword |    10 |    13 |     8 ||    31
